 Dungeon Crawl Stone Soup version 0.31.0-11-ge490571c62 (webtiles) character file.

Game seed: 5468361520268402453

79265 benadryl the Warrior (level 14, 0/121 HPs)
             Began as a Minotaur Gladiator on Jan 30, 2024.
             Was a High Priest of Hepliaklqana.
             Succumbed to a naga ritualist's toxic radiance
             ... on level 2 of the Lair of Beasts.
             The game lasted 00:58:07 (17174 turns).

benadryl the Warrior (Minotaur Gladiator)          Turns: 17174, Time: 00:58:08

Health: 0/121      AC: 25    Str: 26    XL:     14   Next: 89%
Magic:  20/28      EV: 10    Int:  5    God:    Hepliaklqana [*****.]
Gold:   889        SH: 12    Dex: 13    Spells: 13/13 levels left

rFire   . . .        a - +0 demon trident (vamp)
rCold   . . .        D - +0 kite shield {AC+3}
rNeg    + . .        L - +0 plate armour "Syskouwk" {+Inv Will+}
rPois   .            c - +1 hat
rElec   .            S - +2 cloak
rCorr   .            C - +1 pair of gloves
SInv    .            j - +0 pair of boots
Will    ++++.        E - amulet of the acrobat Stlth
                     u - ring "Ofeteana" {rN+ Will+ MP+9 Str+3}
HPRegen 0.40/turn    Q - ring of willpower
MPRegen 0.21/turn

%: acrobat
@: lethally poisoned (0 -> -12), slowed, very slow
A: reduced essence, horns 2, retaliatory headbutt
a: Renounce Religion, Evoke Invisibility, Recall Ancestor, Ancestor Identity,
Transference, Idealise


You were on level 2 of the Lair of Beasts.
You worshipped Hepliaklqana.
Hepliaklqana was extremely pleased with you.
You visited 4 branches of the dungeon, and saw 21 of its levels.

You collected 1574 gold pieces.
You spent 685 gold pieces at shops.

Inventory:

Hand Weapons
 a - a +0 vampiric demon trident (weapon)
 b - the +5 demon whip "Spellbinder" {antimagic, disrupt, Will+}
   (You found it on level 11 of the Dungeon)

   Will+:     It increases your willpower.
 g - a +0 broad axe
 G - the +9 halberd of Sharkskin {pain, rF+ Str+2}
   (You found it on level 5 of the Lair of Beasts)

   Str+2:     It affects your strength (+2).
   rF+:       It protects you from fire.
 J - the +1 war axe "Icsoal" {venom, rElec Int-4 Dex+2}
   (You found it on level 5 of the Lair of Beasts)

   Int-4:     It affects your intelligence (-4).
   Dex+2:     It affects your dexterity (+2).
   rElec:     It insulates you from electricity.
Missiles
 d - 4 throwing nets
 e - 12 javelins (quivered)
 n - 8 curare-tipped darts
 x - 4 boomerangs
Armour
 c - a +1 hat (worn)
 j - a +0 pair of boots (worn)
 C - a +1 pair of gloves (worn)
 D - a +0 kite shield of protection (worn)
 L - the +0 plate armour "Syskouwk" (worn) {+Inv Will+}
   (You bought it in a shop on level 8 of the Dungeon)

   Will+:     It increases your willpower.
   +Inv:      It lets you turn invisible.
 S - a +2 cloak (worn)
Jewellery
 q - a ring of fire
 u - the ring "Ofeteana" (left hand) {rN+ Will+ MP+9 Str+3}
   (You found it on level 4 of the Dungeon)

   [ring of magical power]

   Str+3:     It affects your strength (+3).
   rN+:       It protects you from negative energy.
   Will+:     It increases your willpower.
   MP+9:      It affects your magic capacity (+9).
 w - a ring of positive energy
 E - an amulet of the acrobat (around neck)
 M - a ring of resist corrosion
 Q - a ring of willpower (right hand)
Wands
 s - a wand of paralysis (5)
 t - a wand of digging (8)
 v - a wand of flame (11)
 H - a wand of roots (1)
 R - a wand of quicksilver (2)
Scrolls
 f - 4 scrolls of noise
 i - 5 scrolls of enchant armour
 o - 2 scrolls of vulnerability
 r - a scroll of fog
 y - a scroll of amnesia
 I - 4 scrolls of identify {@r1}
 N - 2 scrolls of teleportation
 O - a scroll of blinking
 T - 2 scrolls of fear
Potions
 h - 2 potions of brilliance
 k - a potion of mutation
 l - 2 potions of magic
 p - 2 potions of ambrosia
 A - 2 potions of enlightenment
 B - 2 potions of curing {@q1}
 F - a potion of degeneration
 K - a potion of resistance
Miscellaneous
 m - a lightning rod (1/4)


   Skills:
 - Level 15.0 Fighting
 - Level 14.4(15.7) Axes
 - Level 10.7(14.0) Polearms
 - Level 7.3 Throwing
 - Level 10.0 Armour
 - Level 9.0 Dodging
 - Level 12.0 Shields
 * Level 8.6 Invocations
 - Level 3.0 Evocations


You had 13 spell levels left.
You didn't know any spells.
Your spell library contained the following spells:

 Spells                   Type           Power      Damage    Failure   Level
 Necrotise                Necr           0%         1d4       100%        1
 Slow                     Hex            0%         N/A       100%        1
 Cigotuvi's Dreadful Rot  Necr/Alch/Air  0%         N/A       100%        2
 Lesser Beckoning         Tloc           0%         N/A       100%        2
 Confusing Touch          Hex            0%         N/A       100%        3
 Dazzling Flash           Conj/Hex       0%         N/A       100%        3
 Gell's Gravitas          Tloc           0%         N/A       100%        3
 Mephitic Cloud           Conj/Alch/Air  0%         N/A       100%        3
 Sigil of Binding         Hex            0%         N/A       100%        3
 Teleport Other           Tloc           0%         N/A       100%        3
 Tukima's Dance           Hex            0%         N/A       100%        3
 Vampiric Draining        Necr           0%         2d6       100%        3
 Volatile Blastmotes      Fire/Tloc      0%         2d10      100%        3
 Dispel Undead            Necr           0%         3d6       100%        4
 Martyr's Knell           Necr/Summ      0%         N/A       100%        4
 Passage of Golubria      Tloc           0%         N/A       100%        4
 Curse of Agony           Necr           0%         N/A       100%        5
 Silence                  Hex/Air        0%         N/A       100%        5
 Summon Forest            Summ/Tloc      0%         N/A       100%        5
 Yara's Violent Unravell  Hex/Alch       0%         3d3       100%        5
 Death Channel            Necr           0%         N/A       100%        6
 Eringya's Noxious Bog    Alch           0%         4d6       100%        6
 Starburst                Conj/Fire      0%         6d3       100%        6
 Summon Hydra             Summ           0%         N/A       100%        7
 Maxwell's Capacitive Co  Air            0%         ∞         100%        8


Dungeon Overview and Level Annotations

Branches:
Dungeon (12/15)            Temple (0/1) D:4            Lair (5/5) D:9
  Swamp (0/4) Lair:2        Snake (2/4) Lair:2        Slime (0/5) Lair:5
    Orc (2/2) D:11            Elf (0/3) Orc:2

Altars:
Gozag
Hepliaklqana
Makhleb
Trog
Jiyva

Shops:
D:8 *   D:11 *(*?:   D:12 *   Orc:2 [*:?   Snake:1 !!

Annotations:
D:3 2 transporters, pigah's ghost, weakling OpSh
D:7 3 runed translucent doors, turdburglar's ghost, novice MfSh
D:9 exclusion: obsidian statue
D:12 3 runed translucent doors
Lair:5 4 runed translucent doors, greynaab's ghost, adept GnSh
Orc:1 2 transporters, rpophessagr's ghost, journeyman HOMo


Innate Abilities, Weirdness & Mutations

Your life essence is reduced to manifest your ancestor. (-10% HP)
You have a pair of horns on your head.
You reflexively headbutt those who attack you in melee.


Message History

* * * LOW HITPOINT WARNING * * *
You are more poisoned.
The naga ritualist hits you but does no damage.
The naga ritualist constricts you.
* * * LOW HITPOINT WARNING * * *
You puncture the naga ritualist!
You feel better.
The naga ritualist is severely wounded.
You feel very sick.
* * * LOW HITPOINT WARNING * * *
You are more poisoned.
You block the naga ritualist's attack. The naga ritualist constricts you.
Aiming: Thunderbolt
Press: ? - help, Shift-Dir - straight line, f - naga ritualist
Aim: a naga ritualist, wielding a +0 short sword and wearing a +0 robe (severely wounded, constricting you, radiating toxic energy)
The thunderbolt hits the naga ritualist!
The naga ritualist is almost dead.
You feel very sick.
* * * LOW HITPOINT WARNING * * *
You are lethally poisoned!
The naga ritualist hits you with a +0 short sword.
* * * LOW HITPOINT WARNING * * *
The naga ritualist constricts you. The naga ritualist spits poison at you.
The splash of poison misses you. The naga ritualist constricts you.
You feel better.
* * * LOW HITPOINT WARNING * * *
You are poisoned.
The naga ritualist's toxic aura wanes.
The naga ritualist utters an invocation to its god.
The naga ritualist begins to radiate toxic energy.
* * * LOW HITPOINT WARNING * * *
You are lethally poisoned!
The naga ritualist constricts you.
* * * LOW HITPOINT WARNING * * *
Aiming: Thunderbolt
Press: ? - help, Shift-Dir - straight line, f/p - naga ritualist
Aim: a naga ritualist, wielding a +0 short sword and wearing a +0 robe (almost dead, constricting you, radiating toxic energy, catching its breath)
The thunderbolt hits the naga ritualist!
You kill the naga ritualist!
You die...

########## . ## ##.....[..#
. #.# ##.....)#.## ..
###..## ##...#.#.#.###
..##.....# ##........#.#.#
...P.....# ##...#.#.#.#..##
.........###...)......#...#
.........##...#.@.#...#.###
#.....####..........##..#
##.....#.#.#.#.#...###.##
#####.....#........##...#
...#......#.#.#...##..###
...+.#.#..#......##...#
.....R#.........##...##
...+.##...#######....#
...#..###.........P.##


There were no monsters in sight!

Vanquished Creatures
  Kirke (D:12)
  An eleionoma (Lair:2)
  Harold (D:11)
  A hydra (Lair:5)
  3 anacondas
  An ogre mage (Orc:1)
  2 boulder beetles
  A centaur warrior (D:10)
  Erica (Lair:1)
  9 two-headed ogres
  A hell hog (Lair:5)
  2 naga warriors (Snake:1)
  9 death yaks (Lair:5)
  A tengu warrior (D:10)
  Nergalle (D:11)
  A lindwurm (Lair:5)
  A naga ritualist (Lair:2)
  3 mana vipers
  An orc knight (Orc:2)
  An ugly thing (D:12)
  2 cyclopes
  Maurice (Orc:1)
  A salamander (Snake:1)
  A naga mage (Snake:1)
  5 kobold blastminers
  3 molten gargoyles (Lair:5)
  7 black mambas
  5 cane toads
  9 komodo dragons
  2 rime drakes
  2 trolls
  2 polar bears (Lair:5)
  A hornet (D:8)
  3 blink frogs (Lair:5)
  A slime creature (D:12)
  Sigmund (D:5)
  2 shadows (D:10)
  7 wyverns
  4 wraiths
  14 yaks
  A vampire (D:11)
  A fire elemental (Lair:5)
  A warg (D:11)
  A basilisk (Lair:1)
  3 hogs (D:12)
  6 steam dragons
  A vampire mosquito (D:10)
  Menkaure (D:5)
  4 nagas
  3 acid dragons
  6 water moccasins
  3 hell hounds (Lair:5)
  2 black bears
  A laughing skull (D:10)
  33 orc warriors
  2 ice beasts
  3 ogres
  3 wolves (D:9)
  8 centaurs
  2 phantoms
  7 bullfrogs
  2 kobold brigands (D:10)
  A gnoll sergeant (D:6)
  A scorpion (D:5)
  3 wights (D:8)
  A hexer (Orc:2)
  2 howler monkeys (D:7)
  An electric eel (Lair:2)
  2 lava snakes (Lair:5)
  4 bombardier beetles
  A wyvern simulacrum (D:7)
  5 orc priests
  2 hounds
  Jessica (D:2)
  4 iguanas
  8 orc wizards
  A killer bee zombie (D:7)
  A bullfrog simulacrum (D:7)
  3 gnolls (D:6)
  3 adders
  2 white imps (D:6)
  3 ribbon worms
  2 dart slugs
  37 orcs
  5 bats
  4 endoplasms
  7 giant cockroaches
  10 goblins
  2 hobgoblins
  6 jackals
  3 quokkas
  9 ball pythons
  3 frilled lizards
  10 kobolds
  3 rats
359 creatures vanquished.

Vanquished Creatures (collateral kills)
  Rupert (D:12)
  Jorgrun (Orc:1)
  An orc warlord (Orc:1)
  4 two-headed ogres (D:10)
  A boulder beetle (D:12)
  A hell hog (Lair:5)
  A naga warrior (Snake:1)
  Sonja (D:11)
  An orc high priest (Orc:1)
  A naga ritualist (Snake:1)
  2 ugly things
  3 kobold blastminers
  A meliai (D:10)
  A black mamba (Lair:5)
  A guardian serpent (Snake:1)
  A slime creature (D:12)
  A cane toad (Lair:5)
  A gargoyle (D:12)
  An unseen horror (D:12)
  A kobold demonologist (D:10)
  3 komodo dragons
  A troll (Orc:1)
  A vampire (D:10)
  A wraith (D:7)
  A shadow (D:9)
  A hog (D:12)
  3 basilisks
  2 wyverns (D:9)
  5 yaks
  2 nagas
  A hell hound (Lair:5)
  3 water moccasins
  5 orc warriors
  A sky beast (D:7)
  3 ogres
  3 centaurs (Orc:2)
  A necrophage (D:7)
  A water moccasin skeleton (D:7)
  A howler monkey (D:10)
  A lava snake (Lair:5)
  A gnoll bouda (D:10)
  4 orc priests
  An iguana (D:6)
  8 orc wizards
  A gnoll (D:6)
  An adder (D:5)
  A white imp (D:5)
  15 orcs
98 creatures vanquished.

Vanquished Creatures (others)
  A lava snake (Lair:5)
  14 hexers
15 creatures vanquished.

Grand Total: 472 creatures vanquished

Notes
Turn   | Place    | Note
-------+----------+-------------------------------------------
     0 | D:1      | benadryl the Minotaur Gladiator began the quest for the
                  | Orb.
     0 | D:1      | Reached XP level 1. HP: 18/18 MP: 0/0
   175 | D:1      | Reached skill level 3 in Fighting
   177 | D:1      | Reached XP level 2. HP: 26/26 MP: 1/1
   947 | D:2      | Reached XP level 3. HP: 29/33 MP: 2/2
   983 | D:2      | Noticed Jessica
   990 | D:2      | Killed Jessica
   991 | D:2      | Reached skill level 4 in Fighting
  1105 | D:2      | Reached XP level 4. HP: 35/41 MP: 3/3
  1198 | D:2      | Found a faded altar of an unknown god.
  1574 | D:3      | Found a transporter.
  1583 | D:3      | Noticed pigah's ghost (weakling OpSh)
  1598 | D:3      | Found a transporter.
  1807 | D:3      | Noticed a bullfrog
  1811 | D:3      | Killed a bullfrog
  1812 | D:3      | Reached skill level 5 in Fighting
  1812 | D:3      | Reached skill level 5 in Axes
  1812 | D:3      | Reached XP level 5. HP: 40/48 MP: 4/4
  2157 | D:4      | Found an opulent altar of Gozag.
  2165 | D:4      | Noticed a phantom
  2173 | D:4      | Found a burning altar of Makhleb.
  2173 | D:4      | Found a hazy altar of Hepliaklqana.
  2174 | D:4      | Killed a phantom
  2175 | D:4      | Reached skill level 6 in Fighting
  2175 | D:4      | Reached XP level 6. HP: 51/58 MP: 5/5
  2187 | D:4      | Became a worshipper of Hepliaklqana the Forgotten
  2652 | D:4      | Found a staircase to the Ecumenical Temple.
  2652 | D:4      | Identified the ring "Ofeteana" {rN+ Will+ MP+9 Str+3}
  2765 | D:5      | Entered Level 5 of the Dungeon
  2778 | D:5      | Noticed Menkaure
  2788 | D:5      | Killed Menkaure
  2789 | D:5      | Reached skill level 7 in Fighting
  3032 | D:5      | Reached * piety under Hepliaklqana
  3112 | D:5      | Noticed Sigmund
  3120 | D:5      | Killed Sigmund
  3121 | D:5      | Reached skill level 8 in Fighting
  3121 | D:5      | Reached XP level 7. HP: 53/61 MP: 6/6
  3788 | D:5      | Reached ** piety under Hepliaklqana
  3789 | D:5      | Remembered your ancestor Beorhtric as a hexer
  4561 | D:6      | Reached XP level 8. HP: 66/66 MP: 7/7
  4637 | D:6      | Reached skill level 10 in Axes
  5258 | D:7      | Reached XP level 9. HP: 66/72 MP: 8/8
  5570 | D:7      | Found a runed translucent gate.
  5570 | D:7      | Noticed turdburglar's ghost (novice MfSh)
  5571 | D:7      | Found a runed translucent gate.
  5572 | D:7      | Found a runed translucent gate.
  5686 | D:7      | Identified the +6 dagger "Deloni" {pain, *Rage +Blink Dex+2
                  | SInv}
  6236 | D:8      | Reached *** piety under Hepliaklqana
  6817 | D:8      | Found Geowug's Assorted Antiques.
  7011 | D:9      | Noticed an obsidian statue
  7045 | D:9      | Noticed a kobold demonologist
  7046 | D:9      | Noticed a sun demon
  7051 | D:9      | Noticed a soul eater
  7061 | D:9      | Noticed an orange demon
  7063 | D:10     | Entered Level 10 of the Dungeon
  7244 | D:10     | Noticed a two-headed ogre
  7250 | D:10     | Killed a two-headed ogre
  7251 | D:10     | Reached skill level 5 in Throwing
  7251 | D:10     | Reached XP level 10. HP: 62/79 MP: 9/9
  7272 | D:10     | Noticed a meliai
  7279 | D:10     | Noticed a cyclops
  7838 | D:9      | Found a staircase to the Lair.
  7860 | D:9      | Reached skill level 5 in Armour
  8213 | D:9      | Noticed a two-headed ogre
  8222 | D:9      | Killed a two-headed ogre
  8267 | D:9      | Noticed a sixfirhy
  8370 | D:9      | Reached **** piety under Hepliaklqana
  8793 | D:10     | Noticed a two-headed ogre
  8795 | D:10     | Noticed a two-headed ogre
  8797 | D:10     | Killed a two-headed ogre
  8798 | D:10     | Reached XP level 11. HP: 84/84 MP: 10/10
  8802 | D:10     | Noticed a two-headed ogre
  8803 | D:10     | Killed a two-headed ogre
  8804 | D:10     | Reached skill level 10 in Armour
  8810 | D:10     | Killed a two-headed ogre
  8811 | D:10     | Reached skill level 9 in Fighting
  8882 | D:10     | Noticed a two-headed ogre
  8887 | D:10     | Noticed a purple ugly thing
  8889 | D:10     | Noticed a tengu warrior
  8890 | D:10     | Killed a two-headed ogre
  8909 | D:10     | Killed a purple ugly thing
  8910 | D:10     | Reached skill level 10 in Fighting
  8914 | D:10     | Killed a tengu warrior
  9003 | D:10     | Noticed a two-headed ogre
  9004 | D:10     | Noticed a centaur warrior
  9011 | D:10     | Killed a two-headed ogre
  9017 | D:10     | Killed a centaur warrior
  9018 | D:10     | Reached skill level 5 in Shields
  9105 | D:10     | Reached skill level 1 in Polearms
  9615 | Lair:1   | Entered Level 1 of the Lair of Beasts
  9625 | Lair:1   | Reached skill level 5 in Polearms
  9694 | Lair:1   | Reached XP level 12. HP: 97/97 MP: 11/11
  9730 | Lair:1   | Noticed Erica
  9767 | Lair:1   | Killed Erica
  9929 | Lair:2   | Found a staircase to the Swamp.
  9929 | Lair:2   | Noticed an eleionoma
  9955 | Lair:2   | Killed an eleionoma
 10022 | Lair:2   | Found a staircase to the Snake Pit.
 10031 | Lair:2   | Reached ***** piety under Hepliaklqana
 10081 | Lair:2   | Reached skill level 10 in Polearms
 10122 | Lair:3   | Reached skill level 1 in Evocations
 10265 | Lair:4   | Noticed a boulder beetle
 10271 | Lair:5   | Entered Level 5 of the Lair of Beasts
 10319 | Lair:5   | Reached skill level 1 in Invocations
 10346 | Lair:5   | Found a runed translucent gate.
 10346 | Lair:5   | Found a runed translucent gate.
 10346 | Lair:5   | Found a runed translucent gate.
 10347 | Lair:5   | Noticed a quicksilver ooze
 10349 | Lair:5   | Noticed greynaab's ghost (adept GnSh)
 10362 | Lair:5   | Noticed a death yak
 10362 | Lair:5   | Noticed a death yak
 10362 | Lair:5   | Noticed a death yak
 10383 | Lair:5   | Killed a death yak
 10383 | Lair:5   | Noticed a four-headed hydra
 10391 | Lair:5   | Killed a death yak
 10395 | Lair:5   | Killed a four-headed hydra
 10396 | Lair:5   | Reached skill level 5 in Invocations
 10404 | Lair:5   | Killed a death yak
 10405 | Lair:5   | Reached skill level 11 in Fighting
 10484 | Lair:5   | Noticed a death yak
 10484 | Lair:5   | Noticed a death yak
 10484 | Lair:5   | Noticed a death yak
 10484 | Lair:5   | Noticed a death yak
 10485 | Lair:5   | Noticed a death yak
 10485 | Lair:5   | Noticed a death yak
 10502 | Lair:5   | Killed a death yak
 10509 | Lair:5   | Killed a death yak
 10517 | Lair:5   | Killed a death yak
 10518 | Lair:5   | Reached XP level 13. HP: 72/105 MP: 15/15
 10527 | Lair:5   | Reached skill level 12 in Fighting
 10555 | Lair:5   | Identified the +1 war axe "Icsoal" {venom, rElec Int-4
                  | Dex+2}
 10612 | Lair:5   | Reached skill level 13 in Fighting
 10791 | Lair:5   | Noticed an azure jelly
 10791 | Lair:5   | Noticed an acid blob
 10792 | Lair:5   | Noticed an acid blob
 10792 | Lair:5   | Noticed an azure jelly
 10792 | Lair:5   | Noticed an acid blob
 10792 | Lair:5   | Noticed an acid blob
 10792 | Lair:5   | Noticed an acid blob
 10792 | Lair:5   | Noticed an azure jelly
 10793 | Lair:5   | Noticed an azure jelly
 10796 | Lair:5   | Found a viscous altar of Jiyva.
 10867 | Lair:5   | Found a runed translucent door.
 10868 | Lair:5   | Found a viscous altar of Jiyva.
 10869 | Lair:5   | Noticed an acid blob
 10872 | Lair:5   | Found a staircase to the Slime Pits.
 11034 | Lair:5   | Reached skill level 14 in Fighting
 11517 | Lair:5   | Found a large runed translucent door.
 11517 | Lair:5   | Found a large runed translucent door.
 11545 | Lair:5   | Got an earthy gem with 1914 turns to spare
 11558 | Lair:5   | Identified the +9 halberd of Sharkskin {pain, rF+ Str+2}
 11713 | Lair:5   | Identified the +4 ring mail of the Enchanted Forest {Dex+2}
 11772 | Lair:4   | Reached skill level 15 in Fighting
 11991 | D:8      | Bought a spiked plate armour for 504 gold pieces
 11991 | D:8      | Identified the +0 plate armour "Syskouwk" {+Inv Will+} (You
                  | bought it in a shop on level 8 of the Dungeon)
 12010 | D:8      | Bought a scroll of fear for 72 gold pieces
 12010 | D:8      | Bought a potion of curing for 54 gold pieces
 12201 | D:11     | Reached skill level 5 in Dodging
 12281 | D:11     | Found Aqifuresi's Book Emporium.
 12281 | D:11     | Noticed a walking earthen tome
 12281 | D:11     | Noticed Harold
 12283 | D:11     | Noticed a walking crystal tome
 12296 | D:11     | Killed Harold
 12359 | D:11     | Found Eduuq's Magic Scroll Boutique.
 12364 | D:11     | Found Lely's General Store.
 12370 | D:11     | Bought a potion of heal wounds for 55 gold pieces
 12389 | D:11     | Found Kocwebb's Weapon Shoppe.
 12946 | D:12     | Noticed Kirke
 12953 | D:12     | Noticed a sphinx
 12962 | D:12     | Killed Kirke
 12965 | D:12     | Noticed Rupert
 13326 | D:12     | Killed Rupert
 13596 | D:12     | Found a runed translucent gate.
 13596 | D:12     | Found a runed translucent gate.
 13596 | D:12     | Found a runed translucent gate.
 13596 | D:12     | Noticed a fire dragon
 13596 | D:12     | a fire dragon changed into a manticore
 13608 | D:12     | Found Xyt Ujone's Serpentskin Sales.
 13656 | D:12     | Reached XP level 14. HP: 102/121 MP: 16/16
 13984 | D:11     | Noticed Sonja
 13998 | D:11     | Found Cutu's General Store.
 13998 | D:11     | Killed Sonja
 14120 | D:11     | Found a staircase to the Orcish Mines.
 14234 | D:11     | Found the +5 demon whip "Spellbinder" {antimagic, disrupt,
                  | Will+}
 14239 | D:11     | Noticed Nergalle
 14258 | D:11     | Killed Nergalle
 14369 | Orc:1    | Entered Level 1 of the Orcish Mines
 14369 | Orc:1    | Noticed Maurice
 14389 | Orc:1    | Killed Maurice
 14608 | Orc:1    | Noticed rpophessagr's ghost (journeyman HOMo)
 14613 | Orc:1    | Found a bloodstained altar of Trog.
 14628 | Orc:1    | Noticed Jorgrun
 14645 | Orc:1    | Killed Jorgrun
 14662 | Orc:1    | Found a transporter.
 14706 | Orc:1    | Found the +8 trishula "Condemnation" {holy, anguish, *Noise
                  | Fly rN+}
 14731 | Orc:1    | Reached skill level 10 in Shields
 14876 | Orc:1    | Found a transporter.
 15090 | Orc:1    | Noticed an orc warlord
 15128 | Orc:1    | Killed an orc warlord
 15511 | Orc:2    | Entered Level 2 of the Orcish Mines
 15531 | Orc:2    | Found a staircase to the Elven Halls.
 15691 | Orc:2    | Found Uwimiur's Book Boutique.
 15691 | Orc:2    | Found Deuskofo's General Store.
 15693 | Orc:2    | Found Qutiequr's Antique Armour Emporium.
 15695 | Orc:2    | Found Qati's Magic Scroll Shop.
 16208 | Snake:1  | Entered Level 1 of the Snake Pit
 16298 | Snake:1  | Found Itinkig's Distillery.
 16298 | Snake:1  | Found Jopawn's Distillery.
 16497 | Snake:1  | Identified the +4 ring mail "Voecs" {Str-2 Int+9 Stlth-}
 16505 | Snake:1  | Identified a scroll of acquirement
 16505 | Snake:1  | Acquired a ring of willpower
 17173 | Lair:2   | HP: 4/121 [constriction (3)]
 17174 | Lair:2   | Succumbed to a naga ritualist's toxic radiance

Illustrated notes

Levels and vault maps discovered:
D:1:      eino_arrival_cavern_d, layout_basic
D:2:      wander_river, layout_rooms, shapermc_ecumenical_altar_gd,
          minmay_misc_feat_enclosed, serial_park_tiny_2, uniq_jessica
D:3:      layout_basic, gammafunk_ghost_stat_death, grunt_decor_cap,
          feat_on_display
D:4:      layout_cave_pools, chequers_temple_overflow_statue_of_worship,
          minmay_temple_entry_nine_rooms
D:5:      layout_layer_cave, serial_park_tiny_pond, chequers_big_river,
          kennysheep_cross_bottleneck, uniq_sigmund, uniq_menkaure
D:6:      layout_rooms, minmay_misc_feat_x, roderic_lattice_a
D:7:      layout_loops_ring, biasface_ghost_orc_armoury,
          dilly_guarded_unrand_morg
D:8:      layout_loops_ring, serial_shops, kennysheep_little_box
D:9:      layout_irregular_city, minmay_lair_entry_grove, hangedman_glass_teeth,
          minmay_misc_feat_more_columns, minivault_15
D:10:     hangedman_cross_cluster, layout_grid_maze, kennysheep_cluttered_room
D:11:     layout_roguey, david_orc_1_choice, serial_shops,
          nicolae_shop_mannequins, nicolae_shop_bloodbath_and_beyond, shop,
          nicolae_shop_hallway_stairs, nicolae_shop_tiny_waterfront,
          uniq_harold, uniq_nergalle, uniq_sonja
D:12:     layout_irregular_city, ploomutoo_gammafunk_ghost_potion_laboratory,
          chequers_serial_rivers_micro_b, guppyfry_shop_venom, uniq_rupert,
          uniq_kirke
Lair:1:   layout_chaotic_city, basic_altar, pdpol_lair_cavern_descent,
          uniq_erica
Lair:2:   layout_hall_layers, alex1729_swamp_entry_worm_eleionoma,
          minmay_snake_entry_guardpost_large, grunt_megastairs_3,
          infiniplex_staircase_pool, serial_bayou_shore_b
Lair:3:   layout_loops_ring, lemuel_centaur_altar, serial_bayou_shore_a,
          grunt_megastairs_4
Lair:4:   layout_hall_layers, chequers_serial_rivers_small_a,
          nicolae_quartered_pool_medium, eino_house_with_fridge,
          serial_bayou_shore_b
Lair:5:   cheibrodos_lair_end_hotspot, layout_gridlike, slime_entry_2,
          gammafunk_ghost_ooze, st_stairs_5
Snake:1:  layout_rooms, minmay_shoptagon
Snake:2:  nicolae_snake_hallway, layout_grid_shapes
Orc:1:    nicolae_orc_accident_1, layout_caves,
          gammafunk_ghost_wrathful_warriors, nicolae_orc_seminary, uniq_maurice,
          uniq_jorgrun
Orc:2:    st_orc_rangers, layout_caves, gammafunk_ghost_arena, basic_altar

Skill      XL: |  1  2  3  4  5  6  7  8  9 10 11 12 13 14 |
---------------+-------------------------------------------+-----
Fighting       | 3 4 5 6 8 10 11 15 | 15.0
Axes           | 4 5 6 8 12 14 | 14.4
Throwing       | 5 7 |  7.3
Armour         | 9 10 | 10.0
Shields        | 6 12 | 12.0
Polearms       | 5 10 | 10.7
Evocations     | 3 |  3.0
Invocations    | 5 8 |  8.6
Dodging        | 9 |  9.0

Action                     |  1- 3 |  4- 6 |  7- 9 | 10-12 | 13-15 || total
---------------------------+-------+-------+-------+-------+-------++-------
  Melee: War axe           |    47 |   107 |   167 |    57 |     3 ||   381
         Headbutt          |    10 |    15 |    40 |    93 |   174 ||   332
         Punch             |     1 |       |       |       |       ||     1
         Demon trident     |       |       |       |   340 |   661 ||  1001
         Demon whip        |       |       |       |       |    46 ||    46
  Throw: Dart              |       |     2 |       |       |       ||     2
         Throwing net      |       |       |     1 |     2 |     3 ||     6
         Boomerang         |       |       |       |    24 |    20 ||    44
         Javelin           |       |       |       |       |     2 ||     2
 Invoke: Ancestor Life: He |       |       |     1 |       |       ||     1
         Recall Ancestor   |       |       |       |     7 |     4 ||    11
         Idealise          |       |       |       |       |     5 ||     5
  Evoke: Wand              |       |       |     1 |     2 |     5 ||     8
         Lightning rod     |       |       |       |    12 |     6 ||    18
    Use: Scroll            |     4 |     7 |     9 |     4 |     9 ||    33
         Potion            |       |       |     4 |     4 |    10 ||    18
   Stab: Confused          |       |       |     2 |     5 |    17 ||    24
         Distracted        |       |       |     2 |     3 |    17 ||    22
         Held in net/web   |       |       |     1 |       |       ||     1
 Armour: Leather armour    |     8 |       |       |       |       ||     8
         Chain mail        |    18 |    94 |   133 |   312 |    97 ||   654
         Skin              |       |       |       |    26 |       ||    26
         Plate armour      |       |       |       |       |   292 ||   292
  Dodge: Dodged            |    29 |    46 |    72 |   133 |   260 ||   540
  Block: Buckler           |       |       |    14 |    28 |       ||    42
         Kite shield       |       |       |       |   102 |   315 ||   417
